 Dungeon Crawl Stone Soup version 0.31-a0-102-g33a4ccc0cb (webtiles) character file.

Game seed: 15985007719356016219

6729 Esekla the Covert (level 11, -6/75 HPs)
             Began as an Octopode Delver on May 25, 2023.
             Was an Initiate of Gozag.
             Mangled by a yak (9 damage)
             ... on level 8 of the Dungeon on May 26, 2023.
             The game lasted 01:21:25 (11892 turns).

Esekla the Covert (Octopode Delver)                Turns: 11892, Time: 01:21:25

Health: -6/75      AC:  3    Str: 12    XL:     11   Next: 4%
Magic:  18/18      EV: 14    Int: 16    God:    Gozag
Gold:   744        SH:  4    Dex: 14    Spells: 16/19 levels left

rFire   + . .        a - +6 rapier "Wonun" {flame, Stlth+}
rCold   . . .        x - +0 buckler
rNeg    . . .        w - +2 hat {Stlth+}
rPois   .            t - amulet of magic regeneration
rElec   .            m - ring of protection from fire
rCorr   .            D - ring of see invisible
SInv    +            (no ring)
Will    +....        (no ring)
Stlth   ++++++++     (no ring)
HPRegen 0.32/turn    (no ring)
MPRegen 0.56/turn    (no ring)
                     (no ring)

%: no passive effects
@: enlightened, flying, very slightly contaminated
A: almost no armour, amphibious, 8 rings, camouflage 1, gelatinous body 1,
(nimble swimmer 1), tentacles
a: Renounce Religion, Potion Petition, Call Merchant, Bribe Branch


You were on level 8 of the Dungeon.
You worshipped Gozag.
Gozag was pleased with you.
You visited 3 branches of the dungeon, and saw 11 of its levels.

You collected 1885 gold pieces.
You spent 489 gold pieces at shops.
You paid 652 gold pieces to Gozag.

Inventory:

Hand Weapons
 a - the +6 rapier "Wonun" (weapon) {flame, Stlth+}
   (You bought it in a shop on level 7 of the Dungeon)

   Stlth:     It makes you more stealthy.
 c - a +0 falchion
 r - a +0 trident
 s - a +0 dagger
Missiles
 h - 5 boomerangs
 i - 31 poisoned darts (quivered)
 j - 5 javelins
Armour
 w - a +2 hat of stealth (worn)
 x - a +0 buckler (worn)
Jewellery
 m - a ring of protection from fire (left tentacle)
 t - an amulet of magic regeneration (around mantle)
 D - a ring of see invisible (right tentacle)
Wands
 f - a wand of digging (3)
 p - a wand of mindburst (4)
 y - a wand of acid (2)
Scrolls
 b - 4 scrolls of fog
 e - 2 scrolls of poison
 n - a scroll of magic mapping
 o - 2 scrolls of vulnerability {unknown}
 A - 2 scrolls of enchant armour
 B - a scroll of enchant weapon {unknown}
Potions
 g - a potion of curing
 k - 2 potions of mutation
 l - a potion of lignification
 q - a potion of magic {unknown}
 u - a potion of cancellation
 v - a potion of might
 z - a potion of berserk rage {unknown}
 C - a potion of haste
 E - a potion of degeneration {unknown}


   Skills:
 * Level 7.1 Fighting
 + Level 4.2(6.1) Short Blades
 * Level 6.8(7.4) Long Blades
 + Level 3.0 Throwing
 * Level 5.6 Dodging
 + Level 10.7 Stealth
 * Level 2.5 Shields
 * Level 4.8 Spellcasting
 + Level 4.1 Conjurations
 + Level 3.9 Air Magic
 + Level 4.9 Poison Magic
 + Level 0.7 Evocations


You had 16 spell levels left.
You knew the following spells:

 Your Spells              Type           Power      Damage    Failure   Level
c - Mephitic Cloud        Conj/Pois/Air  15%        N/A       16%         3

Your spell library contained the following spells:

 Spells                   Type           Power      Damage    Failure   Level
 Magic Dart               Conj           68%        1d6       4%          1
 Call Imp                 Summ           6%         N/A       32%         2
 Dazzling Flash           Conj/Hex       16%        N/A       34%         3
 Stone Arrow              Conj/Erth      16%        3d8       34%         3
 Gell's Gravitas          Tloc           3%         N/A       54%         3
 Teleport Other           Tloc           3%         N/A       54%         3
 Tukima's Dance           Hex            3%         N/A       54%         3
 Portal Projectile        Hex/Tloc       2%         N/A       63%         3
 Silence                  Hex/Air        4%         N/A       98%         5
 Agony                    Necr           3%         N/A       99%         5
 Blade Hands              Tmut           1%         N/A       99%         5
 Dispersal                Tloc           1%         N/A       100%        6
 Lehudib's Crystal Spear  Conj/Erth      4%         10d3      100%        8
 Animate Armour           Summ/Erth      Unusable   N/A       N/A         4

Dungeon Overview and Level Annotations

Branches:
Dungeon (9/15)             Temple (1/1) D:5            Lair (1/5) D:8
    Orc (0/2) D:9

Altars:
Ashenzari
Cheibriados
Elyvilon
Fedhas
Gozag
Hepliaklqana
Kikubaaqudgha
Makhleb
Nemelex Xobeh
Qazlal
Ru
Trog
Xom
Yredelemnul
Zin

Shops:
D:3 ([   D:7 ([:[

Annotations:
D:4 ogre & scorpion
D:9 3 runed translucent doors, Sobieck's ghost, novice DECj


Innate Abilities, Weirdness & Mutations

You cannot wear most types of armour.
You are amphibious.
You can wear up to eight rings at the same time.
Your skin changes colour to match your surroundings (Stealth+).
Your rubbery body absorbs attacks. (AC +1, EV +1)
((You are camouflaged when in or above water. (Stealth+)))
You have tentacles for arms and can constrict up to eight enemies at once.


Message History

The basilisk is moderately wounded.
The yak completely misses you.
The basilisk bites you but does no damage.
You hit the basilisk. You burn the basilisk. You grab the basilisk.
You squeeze the basilisk!
The basilisk is almost dead.
You constrict the basilisk. The yak closely misses you.
The basilisk gazes at you.
You are slowing down.
You hit the basilisk. You burn the basilisk.
You kill the basilisk!
The yak gores you!
Your limbs are stiffening.
You hit the yak. You burn the yak. Your squeeze misses the yak.
The yak is lightly wounded.
The yak snorts and paws the ground.
The yak gores you! The yak gores you.
You have turned to stone.
The yak gores you. The yak gores you!
* * * LOW HITPOINT WARNING * * *
The yak gores you!
* * * LOW HITPOINT WARNING * * *
The yak gores you.
* * * LOW HITPOINT WARNING * * *
The yak gores you!
* * * LOW HITPOINT WARNING * * *
The yak gores you!
* * * LOW HITPOINT WARNING * * *
The yak barely misses you. The yak gores you!
* * * LOW HITPOINT WARNING * * *
You turn to flesh and can move again.
Okay, then.
You feel better. The yak gores you!
* * * LOW HITPOINT WARNING * * *
Okay, then.
Okay, then.
You feel very buoyant.
You fly up into the air.
The yak gores you!
You die...
Your body crumbles into a pile of gold.

..>....#.#..##..#....##.#.......#
.......###.......#......###...###
......#####........##...###..##
......# #....#######......#..##
...######...#...≈...#.........##
...#####......#...#............##
....#.##.....##...##.......##...#
.#.....#...#..PPP$P..#....####..#
##.#.#.....#≈.PP@P..≈#.#..###..##
...####....#...PYP...#.#...#.#..#
##.####......##PP.##............#
...##.........#...#............##
....#.#..#..#...≈...#.......<.##
........##...#######...........#
.........#..........#..........#
....................#..........#
...............#.....<<........#


You could see a yak.

Vanquished Creatures
  A two-headed ogre (D:9)
  A komodo dragon (Lair:1)
  A hornet (D:8)
  4 blink frogs (Lair:1)
  2 shadows (D:9)
  4 yaks (D:6)
  A human (D:9)
  A wyvern (D:8)
  A steam dragon (D:8)
  A basilisk (D:8)
  Menkaure (D:4)
  A two-headed ogre zombie (D:9)
  3 water moccasins
  2 black bears
  2 orc warriors
  A sky beast (D:7)
  2 ogres
  A centaur (D:5)
  A phantom (D:9)
  A kobold brigand (D:6)
  3 bullfrogs
  2 gnoll sergeants
  A scorpion (D:7)
  9 killer bees
  3 howler monkeys (D:7)
  An electric eel (D:6)
  A quasit (D:4)
  6 orc priests
  2 hounds
  3 jellies
  A human zombie (D:9)
  3 iguanas
  Natasha (thrice) (D:2)
  Terence (D:2)
  2 sleepcaps
  4 orc wizards
  6 ogre zombies (D:9)
  10 gnolls
  4 adders
  A shadow imp (D:6)
  3 white imps
  4 ufetubi
  2 worms (D:2)
  3 dart slugs (D:3)
  21 orcs
  5 bats
  5 endoplasms
  3 giant cockroaches
  6 goblins
  7 hobgoblins
  4 quokkas
  7 ball pythons
  A frilled lizard (D:2)
  A goblin zombie (D:9)
  3 hobgoblin skeletons (D:9)
  7 hobgoblin zombies (D:9)
  10 kobolds
  3 orc skeletons (D:9)
  10 orc zombies (D:9)
  7 rats
210 creatures vanquished.

Vanquished Creatures (others)
  A troll zombie (D:9)
  An orc zombie (D:9)
2 creatures vanquished.

Grand Total: 212 creatures vanquished

Notes
Turn   | Place    | Note
-------+----------+-------------------------------------------
     0 | D:5      | Esekla the Octopode Delver began the quest for the Orb.
     0 | D:5      | Reached XP level 1. HP: 16/16 MP: 1/1
    35 | D:5      | Found a sand-covered staircase.
    48 | D:5      | Noticed an iguana
    68 | D:5      | Noticed a scorpion
    78 | D:5      | Found a staircase to the Ecumenical Temple.
    86 | Temple   | Entered the Ecumenical Temple
   111 | Temple   | Became a worshipper of Gozag Ym Sagoz the Greedy
   151 | D:4      | Noticed a black bear
   195 | D:4      | Reached XP level 2. HP: 21/21 MP: 2/2
   398 | D:2      | Found a faded altar of an unknown god.
   402 | D:2      | Reached skill level 7 in Stealth
   482 | D:2      | Reached XP level 3. HP: 25/26 MP: 3/3
   563 | D:2      | Noticed Terence
   577 | D:2      | Killed Terence
   578 | D:2      | Reached skill level 1 in Poison Magic
   623 | D:2      | Reached XP level 4. HP: 28/31 MP: 3/5
   631 | D:2      | Learned a level 3 spell: Mephitic Cloud
   645 | D:2      | Noticed Natasha
   931 | D:1      | Reached skill level 1 in Spellcasting
  1309 | D:2      | Reached skill level 1 in Air Magic
  1317 | D:2      | Found an ancient bone altar of Kikubaaqudgha.
  1450 | D:2      | Killed Natasha
  1451 | D:2      | Reached XP level 5. HP: 14/37 MP: 6/6
  1571 | D:2      | Noticed Natasha
  1580 | D:2      | Killed Natasha
  1629 | D:2      | Noticed Natasha
  1692 | D:2      | Killed Natasha
  1986 | D:3      | Found Aris's Armour Shop.
  2010 | D:3      | Found Dyxeibbu's Antique Weapon Shop.
  2490 | D:3      | Reached skill level 1 in Conjurations
  2539 | D:3      | Reached XP level 6. HP: 42/43 MP: 7/7
  2806 | D:4      | Noticed Menkaure
  2822 | D:4      | Found a white marble altar of Elyvilon.
  3152 | D:4      | Killed Menkaure
  3447 | D:4      | Reached XP level 7. HP: 42/49 MP: 9/9
  4226 | D:4      | Reached skill level 8 in Stealth
  4690 | D:5      | Reached XP level 8. HP: 54/54 MP: 9/11
  4792 | D:5      | Reached skill level 1 in Short Blades
  4999 | D:4      | Upgraded the game from 0.31-a0-95-g6fa058ef04 to
                  | 0.31-a0-102-g33a4ccc0cb
  5568 | D:5      | Reached skill level 5 in Fighting
  6148 | D:6      | Found a shimmering altar of Xom.
  6148 | D:6      | Found a shimmering altar of Xom.
  6148 | D:6      | Found a shimmering altar of Xom.
  6150 | D:6      | Found a shimmering altar of Xom.
  6151 | D:6      | Found a shimmering altar of Xom.
  6522 | D:6      | Noticed a yak
  6523 | D:6      | Noticed a yak
  6524 | D:6      | Noticed a yak
  6524 | D:6      | Noticed a yak
  6536 | D:6      | Found a burning altar of Makhleb.
  6636 | D:6      | Killed a yak
  6637 | D:6      | Reached skill level 5 in Long Blades
  6682 | D:6      | Killed a yak
  6683 | D:6      | Reached XP level 9. HP: 61/61 MP: 5/13
  6710 | D:6      | Reached skill level 1 in Throwing
  6723 | D:6      | Reached skill level 9 in Stealth
  6834 | D:6      | Found an ancient bone altar of Kikubaaqudgha.
  7007 | D:7      | Found Wameu's Antique Armour Boutique.
  7271 | D:7      | Found Inwic's Armour Shop.
  7277 | D:7      | Bought a +1 hat of stealth for 192 gold pieces
  7295 | D:7      | Found a blossoming altar of Fedhas.
  7457 | D:7      | Found a stormy altar of Qazlal.
  7558 | D:7      | Bought a warped rapier for 297 gold pieces
  7558 | D:7      | Identified the +6 rapier "Wonun" {flame, Stlth+} (You
                  | bought it in a shop on level 7 of the Dungeon)
  7746 | D:7      | Found Ymmit's Book Shop.
  7938 | D:8      | Found a staircase to the Lair.
  7963 | D:8      | Found a snail-covered altar of Cheibriados.
  8009 | D:8      | Found a sacrificial altar of Ru.
  8049 | D:8      | Noticed a hornet
  8490 | D:8      | Reached XP level 10. HP: 68/68 MP: 9/15
  8642 | D:8      | Reached skill level 10 in Stealth
  8930 | D:9      | Found a broken altar of Ashenzari.
  9033 | D:9      | Found a runed translucent door.
  9454 | D:9      | Noticed a two-headed ogre
  9504 | D:9      | Killed a two-headed ogre
  9505 | D:9      | Reached skill level 5 in Dodging
  9505 | D:9      | Reached skill level 1 in Shields
  9557 | D:9      | Found a basalt altar of Yredelemnul.
  9789 | D:9      | Found a sparkling altar of Nemelex Xobeh.
  9864 | D:9      | Found a runed translucent gate.
  9864 | D:9      | Found a runed translucent gate.
  9869 | D:9      | Found a runed translucent gate.
  9869 | D:9      | Noticed Sobieck's ghost (novice DECj)
 10052 | D:9      | Found a staircase to the Orcish Mines.
 11527 | Lair:1   | Entered Level 1 of the Lair of Beasts
 11616 | Lair:1   | Noticed a cane toad
 11868 | Lair:1   | Reached XP level 11. HP: 48/75 MP: 16/18
 11890 | D:8      | HP: 3/75 [yak (5)]
 11892 | D:8      | Mangled by a yak

Illustrated notes

Levels and vault maps discovered:
D:1:      onia_arrival_pyramid, layout_loops_cross
D:2:      layout_basic, nicolae_ecumenical_lake_church, serial_glass,
          glass_columns_a, glass_columns_c, basic_altar, uniq_terence,
          uniq_natasha
D:3:      layout_basic, serial_shops, shop, shop
D:4:      layout_basic, lemuel_coloured_pillars_altar, serial_demonic,
          serial_demonic_g, serial_demonic_b, serial_demonic_e,
          serial_demonic_d, uniq_menkaure
D:5:      layout_loops_cross, temple_doors_ab, enter_ossuary_1, st_stairs_1
D:6:      layout_loops_ring, mainiacjoe_overflow_two_lobes, xom_redecorated,
          minmay_misc_feat_tiny, nicolae_lava_and_water
D:7:      layout_loops_ring, marbit_many_paths, mainiacjoe_overflow_boulevard,
          serial_shops, nicolae_diamond_shop, nicolae_shop_stone,
          nicolae_shop_pleasant_corner_grove
D:8:      layout_cave_pools, grunt_temple_overflow_open, dpeg_oklobed_lair,
          kennysheep_diamond
D:9:      layout_roguey, mainiacjoe_overflow_six_doors_small, ashenzari_altar_1,
          dk_yredelemnul_ordeal, zombieorc2_lemuel, gammafunk_ghost_spectres
Temple:   bh_familiar_temple
Lair:1:   layout_cave_pods, nicolae_lair_liquid_snakes

Skill      XL: |  1  2  3  4  5  6  7  8  9 10 |
---------------+-------------------------------+-----
Stealth        | 7 8 9 10 | 10.7
Poison Magic   | 1 2 3 4 |  4.9
Spellcasting   | 1 2 3 4 |  4.8
Air Magic      | 1 2 3 |  3.9
Fighting       | 4 5 6 7 |  7.1
Conjurations   | 1 2 3 4 |  4.1
Long Blades    | 3 5 6 |  6.8
Dodging        | 3 4 5 |  5.6
Short Blades   | 1 2 4 |  4.2
Throwing       | 2 3 |  3.0
Shields        | 2 |  2.5
Evocations     | |  0.7

Action                     |  1- 3 |  4- 6 |  7- 9 | 10-12 || total
---------------------------+-------+-------+-------+-------++-------
  Melee: Falchion          |    33 |    65 |    78 |       ||   176
         Constrict         |     7 |    21 |    38 |    19 ||    85
         Tentacles         |     5 |    19 |    49 |    30 ||   103
         Dagger            |       |    37 |    49 |       ||    86
         Punch             |       |     1 |     3 |     3 ||     7
         Rapier            |       |       |    47 |   121 ||   168
  Throw: Dart              |       |     4 |    41 |    24 ||    69
         Boomerang         |       |       |       |     5 ||     5
   Cast: Mephitic Cloud    |       |       |    19 |    11 ||    30
 Invoke: Call Merchant     |       |       |     1 |       ||     1
  Evoke: Wand              |       |       |     7 |     2 ||     9
    Use: Scroll            |     2 |     2 |    10 |     1 ||    15
         Potion            |     1 |     3 |     1 |     3 ||     8
   Stab: Sleeping          |     4 |    20 |    16 |     7 ||    47
         Confused          |       |       |     9 |     5 ||    14
         Paralysed         |       |       |     2 |       ||     2
         Distracted        |       |       |     2 |     5 ||     7
 Armour: Skin              |     2 |    15 |    11 |    12 ||    40
  Dodge: Dodged            |    11 |    46 |   124 |    45 ||   226
  Block: Buckler           |       |       |       |     1 ||     1

Table legend: (Time is in decaauts)
 A = Elapsed time spent in this place.
 B = Non-inter-level travel time spent in this place.
 C = Inter-level travel time spent in this place.
 D = Time resting spent in this place.
 E = Time spent auto-exploring this place.
 F = Levels seen in this place.
 G = Mean time per level.
                   A        B        C        D        E       F      G
               +--------+--------+--------+--------+--------+-----+--------+
         Total |  11869 |  11185 |    684 |   2353 |   2581 |  11 | 1079.0 |
       Dungeon |  11483 |  10811 |    672 |   2197 |   2514 |   9 | 1275.9 |
        Temple |     36 |     25 |     11 |      0 |     16 |   1 |   36.0 |
          Lair |    349 |    349 |      0 |    156 |     51 |   1 |  349.0 |
               +--------+--------+--------+--------+--------+-----+--------+

Top non-repeatable levels by time:
     D:9: 2346 daAuts
     D:5: 1511 daAuts
     D:4: 1480 daAuts
     D:3: 1313 daAuts
     D:8: 1200 daAuts
     D:6: 1127 daAuts
     D:2: 954 daAuts
     D:7: 952 daAuts
     D:1: 596 daAuts
  Lair:1: 349 daAuts
  Temple: 36 daAuts
